 Dungeon Crawl Stone Soup version 0.19-a0-929-g333bac9 (webtiles) character file.

529 Gottschkopf the Thaumaturge (level 7, -4/36 HPs)
             Began as a Deep Elf Conjurer on July 7, 2016.
             Slain by an ogre
             ... wielding a +0 giant club
              (11 damage)
             ... on level 4 of the Dungeon.
             The game lasted 00:12:00 (4205 turns).

Gottschkopf the Thaumaturge (Deep Elf Conjurer)     Turns: 4205, Time: 00:12:01

Health: -4/36      AC:  3    Str:  5    XL:     7   Next: 3%
Magic:  14/22      EV: 13    Int: 22    God:
Gold:   224        SH:  0    Dex: 15    Spells: 4 memorised, 15 levels left

rFire  . . .     SeeInvis .     e - +0 dagger
rCold  . . .     Gourm    .     a - +0 robe
rNeg   . . .     Faith    .     (no shield)
rPois  .         Spirit   .     (no helmet)
rElec  .         Dismiss  .     (no cloak)
rCorr  .         Reflect  .     d - +0 pair of gloves
SustAt .         Harm     .     (no boots)
MR     .....                    (no amulet)
Stlth  ++........               (no ring)
                                (no ring)

@: very slightly contaminated, not resistant to hostile enchantments, unstealthy
A: no striking features
a: no special abilities


You were on level 4 of the Dungeon.
You were not hungry.

You visited 1 branch of the dungeon, and saw 5 of its levels.
You also visited: Sewer.

You collected 224 gold pieces.

Inventory:

Hand Weapons
 e - a +0 dagger (weapon)
Armour
 a - a +0 robe (worn)
 d - a +0 pair of gloves (worn)
Wands
 l - a wand of heal wounds (6/9)
Scrolls
 g - 6 scrolls of identify {unknown}
 h - 3 scrolls of remove curse {unknown}
 k - 2 scrolls of fear {unknown}
 n - a scroll of noise {unknown}
 o - 2 scrolls of teleportation {unknown}
 p - a scroll of enchant weapon {unknown}
 r - a scroll of fog {unknown}
Potions
 f - 4 potions of agility {unknown}
 i - 2 potions of flight {unknown}
 j - 2 potions of curing {unknown}
 s - 3 potions of heal wounds {unknown}
 t - a potion of resistance {unknown}
 u - a potion of brilliance {unknown}
Books
 b - a book of Conjurations

   Spells                             Type                      Level
   a - Magic Dart                     Conjuration                  1
   b - Searing Ray                    Conjuration                  2
   c - Dazzling Spray                 Conjuration/Hexes            3
   d - Fulminant Prism                Conjuration/Hexes            4
   e - Iskenderun's Mystic Blast      Conjuration                  4
   f - Iskenderun's Battlesphere      Conjuration/Charms           5
 w - a Fen Folio

   Spells                             Type                      Level
   a - Corpse Rot                     Necromancy                   2
   b - Stone Arrow                    Conjuration/Earth            3
   c - Leda's Liquefaction            Hexes/Earth                  4
   d - Summon Forest                  Summoning/Translocation      5
   e - Hydra Form                     Transmutation                6
   f - Summon Hydra                   Summoning                    7
Comestibles
 c - 4 bread rations
 m - 3 fruits
 q - a beef jerky


   Skills:
 - Level 2.4 Dodging
 - Level 2.4 Stealth
 + Level 10.1 Spellcasting
 - Level 4.3 Conjurations


You had 15 spell levels left.
You knew the following spells:

 Your Spells              Type           Power        Failure   Level  Hunger
a - Magic Dart            Conj           ####         1%          1    None
b - Searing Ray           Conj           ####..       1%          2    None
c - Iskenderun's Mystic   Conj           ####....     12%         4    ##.....
d - Fulminant Prism       Conj/Hex       ###.......   28%         4    ##.....


Dungeon Overview and Level Annotations

Branches:
Dungeon (5/15)
 Temple: D:4-7

Altars:
Ashenzari
Pakellas


Message History

Ouch! That really hurt!
* * * LOW HITPOINT WARNING * * *
There is a stone staircase leading down, spattered with blood here.
Casting: Iskenderun's Mystic Blast
Confirm with . or Enter, or press ? or * to list all spells.
Aiming: Iskenderun's Mystic Blast
Press: ? - help, Shift-Dir - straight line, f - ogre
Aim: an ogre, wielding a giant club (lightly wounded)
The orb of energy hits the ogre.
The ogre is severely wounded.
The orb of energy explodes!
The ogre closely misses you.
Casting: Iskenderun's Mystic Blast
Confirm with . or Enter, or press ? or * to list all spells.
Aiming: Iskenderun's Mystic Blast
Press: ? - help, Shift-Dir - straight line, f/p - ogre
Aim: an ogre, wielding a giant club (severely wounded)
You miscast Iskenderun's Mystic Blast.
You are very lightly contaminated with residual magic.
Your skin tingles.
The ogre hits you with a giant club!
You die...

####### #......
#......####
#.........#
#.......#
###.......#####.
.......@O.......
......†%..###.#
...^.###[####
#### #.[).#
####.# #.# #.#
#.# #.#


You could see an ogre.

Vanquished Creatures
  A giant frog (Sewer)
  2 orc wizards
  Ijyb (D:3)
  Natasha (twice) (D:2)
  14 adders
  15 oozes (Sewer)
  4 worms
  A dart slug (D:2)
  13 giant geckos
  6 orcs
  13 ball pythons (Sewer)
  16 giant cockroaches
  4 goblins
  7 hobgoblins
  2 jackals (D:1)
  5 bats
  12 giant newts
  4 kobolds
  4 rats
126 creatures vanquished.

Vanquished Creatures (others)
  An elf (D:2)
1 creature vanquished.

Grand Total: 127 creatures vanquished

Notes
Turn   | Place    | Note
-------+----------+-------------------------------------------
     0 | D:1      | Gottschkopf the Deep Elf Conjurer began the quest for the Orb.
     0 | D:1      | Reached XP level 1. HP: 10/10 MP: 6/6
   297 | D:1      | Reached skill level 4 in Spellcasting
   297 | D:1      | Reached XP level 2. HP: 15/15 MP: 5/9
   305 | D:1      | Learned a level 2 spell: Searing Ray
  1159 | D:2      | Reached skill level 5 in Spellcasting
  1159 | D:2      | Reached XP level 3. HP: 18/19 MP: 4/11
  1594 | D:2      | Found an oddly glowing altar of Pakellas.
  1594 | D:2      | Noticed an elf
  1607 | D:2      | Killed an elf
  1608 | D:2      | Noticed a primal stingox beast
  1702 | D:2      | Noticed Natasha
  1707 | D:2      | Killed Natasha
  1707 | D:2      | Reached skill level 6 in Spellcasting
  1707 | D:2      | Reached XP level 4. HP: 24/24 MP: 7/14
  1714 | D:2      | Learned a level 4 spell: Iskenderun's Mystic Blast
  1719 | D:2      | Learned a level 4 spell: Fulminant Prism
  1874 | D:2      | Noticed Natasha
  1879 | D:2      | Killed Natasha
  2032 | D:3      | Reached skill level 7 in Spellcasting
  2032 | D:3      | Reached XP level 5. HP: 28/28 MP: 4/16
  2153 | D:3      | Found a glowing drain.
  2198 | Sewer    | Entered a sewer
  2428 | Sewer    | Reached skill level 8 in Spellcasting
  2638 | Sewer    | Reached XP level 6. HP: 31/32 MP: 6/19
  3177 | Sewer    | Reached skill level 9 in Spellcasting
  3773 | D:3      | Found a shattered altar of Ashenzari.
  3835 | D:3      | Noticed Ijyb
  3844 | D:3      | Killed Ijyb
  4069 | D:4      | Reached skill level 10 in Spellcasting
  4073 | D:4      | Reached XP level 7. HP: 36/36 MP: 11/22
  4088 | D:5      | Entered Level 5 of the Dungeon
  4205 | D:4      | Slain by an ogre

Vault maps used:
D:1:      tarquinn_simple_flora_water_e
D:2:      gammafunk_pakellas_its_alive, uniq_natasha
D:3:      first_bread, gup_sewer_entry_glass, minmay_misc_feat_rows,
          cheibrodos_ashenzari_chains, uniq_iyjb
D:4:      overflow_temple_1_default, minmay_strange_pillars, uniq_edmund
D:5:      grunt_qazlal_sundering, serial_shops, nicolae_shop_behind_doors,
          hangedman_decor_lopped, serial_park_tiny_2, minivault_11,
          guppyfry_early_orc_mine, uniq_prince_ribbit1
Sewer:    sewer_frog_island_02

Skill      XL: |  1  2  3  4  5  6 |
---------------+-------------------+-----
Spellcasting   | 4 5 6 7 8 10 | 10.1
Dodging        | |  2.4
Stealth        | |  2.4
Conjurations   | |  4.3

Action                   |  1- 3 |  4- 6 |  7- 9 || total
-------------------------+-------+-------+-------++-------
Melee: Dagger            |     3 |    17 |       ||    20
 Cast: Magic Dart        |    74 |   185 |     5 ||   264
       Searing Ray       |     2 |     7 |       ||     9
       Iskenderun's Myst |       |     6 |     3 ||     9
  Eat: Chunk             |     2 |     8 |     1 ||    11
Armor: Robe              |       |    25 |     1 ||    26
Dodge: Dodged            |     2 |    64 |     4 ||    70
